 Dungeon Crawl Stone Soup version 0.28.0-53-g5a82cb258f (webtiles) character file.

Game seed: 10817002458065376997

50150 pkoi the Martial Artist (level 13, -2/100 (102) HPs)
             Began as a Demigod Gladiator on May 31, 2022.
             Killed by drain life
             ... invoked by a soul eater
              (18 damage)
             ... on level 2 of the Orcish Mines on June 1, 2022.
             The game lasted 00:55:49 (30611 turns).

pkoi the Martial Artist (Demigod Gladiator)        Turns: 30611, Time: 00:55:49

HP:   -2/100 (102)  AC: 13    Str: 15    XL:     13   Next: 84%
MP:   24/26         EV: 13    Int: 30    God:
Gold: 1938          SH:  0    Dex: 15    Spells: 8/24 levels left

rFire   . . .      SeeInvis .     - Unarmed
rCold   + . .      Faith    .   (no shield)
rNeg    . . .      Spirit   .   d - +3 troll leather armour {Snorg}
rPois   .          Reflect  .   b - +0 helmet
rElec   .          Harm     .   (no cloak)
rCorr   .          Rampage  .   f - +1 Delatra's gloves {ID++}
Will    +....                   w - +1 pair of boots
Stlth   ++........              g - amulet "Huileo" {rF+ Regen+ Int+4}
HPRegen 1.86/turn               y - ring of ice
MPRegen 0.20/turn               t - ring of wizardry

@: studying 2 skills, lightly drained
A: high MP 1, forlorn, divine attributes
a: no special abilities


You were on level 2 of the Orcish Mines.
You visited 3 branches of the dungeon, and saw 19 of its levels.
You also visited: Ice Cave.

You collected 2736 gold pieces.
You spent 798 gold pieces at shops.

Inventory:

Hand Weapons
 h - a +1 dagger of venom
 o - a +1 whip of electrocution
 s - a +1 whip of venom
 W - the +9 staff of Olgreb {rPois∞}
   (You acquired it on level 3 of the Lair of Beasts)

   If the wielder is skilled in Evocations, they can envenom those struck by it,
   dealing poison damage which bypasses armour.
   It enhances your poison magic.
   It grants immunity to poison.
   It can be activated via the 'a'bility menu to radiate toxic energy, with
   effectiveness depending on Evocations skill.
Missiles
 c - 4 throwing nets
 k - 29 poisoned darts (quivered)
 N - 5 curare-tipped darts
 Q - 3 boomerangs of dispersal
Armour
 a - a +0 leather armour
 b - a +0 helmet (worn)
 d - a +3 troll leather armour (worn) {Snorg}
 f - the +1 Delatra's gloves (worn) {ID++}
   (You bought it in a shop on level 1 of the Dungeon)

   It heals its wearer when they drink unknown potions.
   It restores its wearer's MP when they read unknown scrolls.
 j - a +0 plate armour
 w - a +1 pair of boots (worn)
 A - a +2 robe of willpower
 P - an orb of energy
 R - a +3 leather armour
Magical Staves
 r - a staff of air
Jewellery
 g - the amulet "Huileo" (around neck) {rF+ Regen+ Int+4}
   (You acquired it on level 4 of the Dungeon)

   [amulet of regeneration]

   Int:       It affects your intelligence (+4).
   rF:        It protects you from fire.
   Regen:     It increases your rate of health regeneration.
 q - a ring of see invisible
 t - a ring of wizardry (right hand)
 v - the amulet of the Establishment {Reflect Contam Dex+5 SH+5}
   (You found it on level 6 of the Lair of Beasts)

   [amulet of reflection]

   It reflects blocked missile attacks.
   Dex:       It affects your dexterity (+5).
   Contam:    It causes magical contamination when unequipped.
   SH:        It affects your SH (+5).
 y - a ring of ice (left hand)
 H - a ring of resist corrosion
Wands
 l - a wand of polymorph (21)
 n - a wand of acid (6)
 E - a wand of mindburst (21)
 K - a wand of iceblast (27)
 O - a wand of flame (7)
Scrolls
 p - 2 scrolls of enchant weapon
 u - a scroll of magic mapping
 B - 8 scrolls of teleportation
 C - 3 scrolls of blinking
 D - 8 scrolls of identify
Potions
 e - 3 potions of haste
 i - a potion of cancellation
 m - 2 potions of resistance
 x - 4 potions of curing
 z - 2 potions of flight
 F - a potion of might
 G - 3 potions of heal wounds
 L - 2 potions of brilliance
 M - 2 potions of invisibility


   Skills:
 - Level 6.0 Fighting
 - Level 1.7 Throwing
 + Level 5.9 Armour
 - Level 5.0 Dodging
 - Level 3.0 Stealth
 + Level 10.9 Unarmed Combat
 - Level 6.0 Spellcasting
 - Level 3.0 Summonings
 - Level 1.7 Translocations
 + Level 9.5 Transmutations
 - Level 3.0 Fire Magic
 + Level 10.2 Ice Magic
 - Level 3.0 Air Magic
 - Level 3.0 Poison Magic
 - Level 7.5 Evocations


You had 8 spell levels left.
You knew the following spells:

 Your Spells              Type           Power      Damage    Failure   Level
a - Frozen Ramparts       Ice            100%       1d12      1%          3
b - Ice Form              Ice/Tmut       80%        N/A       1%          4
c - Summon Ice Beast      Ice/Summ       64%        N/A       1%          4
d - Poisonous Vapours     Pois/Air       54%        N/A       1%          2
e - Ignite Poison         Fire/Tmut/Pois 40%        N/A       1%          3

Your spell library contained the following spells:

 Spells                   Type           Power      Damage    Failure   Level
 Shock                    Conj/Air       72%        1d7       1%          1
 Corpse Rot               Necr/Air       36%        N/A       1%          2
 Passwall                 Tmut/Erth      30%        N/A       1%          2
 Animate Skeleton         Necr           18%        N/A       2%          1
 Pain                     Necr           36%        1d5       2%          1
 Sandblast                Erth           18%        2d7       2%          1
 Swiftness                Air            27%        N/A       2%          3
 Gell's Gravitas          Tloc           19%        N/A       3%          3
 Mephitic Cloud           Conj/Pois/Air  21%        N/A       3%          3
 Teleport Other           Tloc           19%        N/A       3%          3
 Confusing Touch          Hex            9%         N/A       8%          3
 Dazzling Flash           Conj/Hex       18%        N/A       8%          3
 Stone Arrow              Conj/Erth      18%        3d8       8%          3
 Vampiric Draining        Necr           9%         2d6       8%          3
 Airstrike                Air            13%        N/A       8%          4
 Yara's Violent Unravell  Hex/Tmut       18%        3d9       10%         5
 Freezing Cloud           Conj/Ice/Air   26%        6-21      12%         5
 Iskenderun's Mystic Bla  Conj/Tloc      14%        2d5       17%         4
 Iskenderun's Battlesphe  Conj           9%         2d6       52%         5
 Dispersal                Tloc           9%         N/A       86%         6
 Starburst                Conj/Fire      9%         6d5       87%         6
 Iron Shot                Conj/Erth      4%         9d2       97%         6
 Enfeeble                 Hex            4%         N/A       100%        7
 Spellforged Servitor     Conj/Summ      9%         N/A       100%        7


Dungeon Overview and Level Annotations

Branches:
Dungeon (11/15)            Temple (0/1) D:7            Lair (6/6) D:10
 Shoals (0/4) Lair:3        Snake (0/4) Lair:4        Slime (0/5) Lair:5
    Orc (2/2) D:9             Elf (0/3) Orc:2         IceCv (visited)

Shops:
D:1 :([*   D:5 :   Orc:2 !*

Annotations:
D:5 3 runed translucent doors, Zeld's ghost, novice GrEE
D:7 2 runed translucent doors shield of ignorance, exclusion: orange crystal statue
Orc:1 2 transporters, slughead422's ghost, journeyman BaFi


Innate Abilities, Weirdness & Mutations

You have an increased reservoir of magic. (+10% MP)
You shall have no god before yourself.
Your divine heritage dramatically boosts your attributes as you level up.


Message History

The soul eater resists.
The wall freezes the soul eater.
The soul eater hits you!
* * * LOW HITPOINT WARNING * * *
You hit the soul eater but do no damage.
The soul eater is almost dead.
Your ice beast hits the soul eater but does no damage.
The soul eater completely resists.
The wall freezes the soul eater but does no damage.
The soul eater draws from the surrounding life force!
* * * LOW HITPOINT WARNING * * *
The soul eater is healed.
You hit the soul eater but do no damage.
You punch the soul eater, but do no damage.
The soul eater is heavily wounded.
Your ice beast barely misses the soul eater.
The soul eater resists.
The wall freezes the soul eater.
The soul eater hits you!
* * * LOW HITPOINT WARNING * * *
You feel drained.
* * * LOW HITPOINT WARNING * * *
You punch the soul eater!
The soul eater is severely wounded.
Your ice beast hits the soul eater but does no damage.
You barely miss the soul eater.
The soul eater is severely wounded.
The soul eater resists.
The wall freezes the soul eater.
The soul eater misses you.
Your ice beast hits the soul eater but does no damage.
Unknown command.
You hit the soul eater but do no damage.
The soul eater is almost dead.
The frozen ramparts melt away.
The soul eater draws from the surrounding life force!
* * * LOW HITPOINT WARNING * * *
The soul eater is healed.
You hit the soul eater.
The soul eater is severely wounded.
Your ice beast barely misses the soul eater.
The soul eater draws from the surrounding life force!
You die...

##.## #....... ##∩.∩##
........ ##...).##
#....... ##..#.#..##
........ ##.........##
#.#.....
##...#.#.#.))###..##...
#....)....))))###......
#..#.#.....#.#))###.....
..##..)@#....##..###....
#.Y3###..)###).###...
#...# ##...###).###..
#...# ##...###).##..
#...# ##...###..).. ...#
##...###.... #.#
##)#.###... .#
##...###.. #.## ##.


You could see a soul eater (ally target) and a friendly ice beast (summoned).

Vanquished Creatures
  Nessos (Orc:2)
  Snorg (Lair:5)
  3 hydras
  A two-headed ogre (D:10)
  Urug (Lair:1)
  14 spriggans
  A fire crab (Lair:4)
  Pikel (D:8)
  2 orc knights
  An orc sorcerer (Orc:1)
  An ugly thing (Lair:2)
  3 black mambas
  A merfolk siren (Lair:3)
  A centaur zombie (D:10)
  22 elephants
  An eye of devastation (Lair:5)
  5 cane toads
  4 rime drakes
  8 komodo dragons
  2 trolls
  10 polar bears
  10 hornets
  16 blink frogs
  7 dream sheep (Lair:6)
  A shadow (D:9)
  2 wyverns
  20 yaks
  7 basilisks
  A steam dragon (D:9)
  A chaos spawn (Orc:2)
  A naga (Lair:4)
  2 wargs
  20 water moccasins
  Duvessa (D:6)
  A floating eye (Lair:5)
  4 black bears (Lair:6)
  An ice beast (D:5)
  19 orc warriors
  A sky beast (D:6)
  3 ogres
  2 centaurs
  3 boggarts (Lair:6)
  48 wolves
  A phantom (D:6)
  4 lemures (D:8)
  A kobold brigand (D:8)
  10 bullfrogs
  5 scorpions
  A water moccasin zombie (D:5)
  Dowan (D:6)
  6 killer bees
  2 lava snakes (D:10)
  A bullfrog zombie (D:6)
  7 hounds
  3 jellies
  A centaur skeleton (D:7)
  17 orc priests
  A bullfrog skeleton (D:4)
  A gnoll shaman (D:6)
  2 iguanas
  11 orc wizards
  8 hell rats
  2 scorpion zombies (D:5)
  2 killer bee zombies
  2 howler monkey zombies (D:9)
  3 howler monkey skeletons
  11 gnolls
  7 adders
  6 river rats (Lair:5)
  2 shadow imps
  2 white imps
  2 ufetubi (D:5)
  2 worms
  A dart slug (D:1)
  47 orcs
  2 ball pythons
  5 endoplasms
  3 giant cockroaches
  6 goblins
  5 hobgoblins
  11 kobolds
  3 bats
  11 rats
473 creatures vanquished.

Vanquished Creatures (collateral kills)
  A hydra (Lair:5)
  A chaos spawn (Orc:2)
  A water moccasin (Lair:5)
  A naga (Lair:4)
4 creatures vanquished.

Vanquished Creatures (others)
  A hobgoblin (D:4)
  74 fungi
  105 plants
  A withered plant (D:8)
181 creatures vanquished.

Grand Total: 658 creatures vanquished

Notes
Turn   | Place    | Note
-------+----------+-------------------------------------------
     0 | D:1      | pkoi the Demigod Gladiator began the quest for the Orb.
     0 | D:1      | Reached XP level 1. HP: 17/17 MP: 3/3
    72 | D:1      | Found Asufuefi's Weapon Shop.
   302 | D:1      | Found Ymuczef's General Store.
   346 | D:1      | Found Fier's Antique Armour Shoppe.
   858 | D:1      | Reached XP level 2. HP: 19/24 MP: 4/4
  1225 | D:1      | Found Boegobo's Book Emporium.
  2189 | D:2      | Reached XP level 3. HP: 28/29 MP: 5/5
  3029 | D:3      | Noticed an ogre
  3066 | D:3      | Killed an ogre
  3067 | D:3      | Reached XP level 4. HP: 8/37 MP: 6/6
  3494 | D:3      | Reached XP level 5. HP: 41/44 MP: 7/7
  3721 | D:3      | Identified 3 scrolls of acquirement
  3721 | D:3      | Acquired a manual of Translocations
  3975 | D:4      | Acquired the amulet "Huileo" {rF+ Regen+ Int+4}
  4420 | D:4      | Acquired 1129 gold pieces
  4509 | D:1      | Bought a potion of haste for 130 gold pieces
  4529 | D:1      | Bought the +1 Delatra's gloves {ID++} for 200 gold pieces
  4529 | D:1      | Found the +1 Delatra's gloves {ID++}
  4578 | D:1      | Learned a level 3 spell: Frozen Ramparts
  4773 | D:4      | Reached XP level 6. HP: 51/51 MP: 8/8
  5012 | D:4      | Reached skill level 1 in Ice Magic
  5152 | D:5      | Entered Level 5 of the Dungeon
  5189 | D:5      | Reached skill level 1 in Spellcasting
  5373 | D:5      | Reached skill level 1 in Evocations
  5383 | D:5      | Found a runed translucent gate.
  5383 | D:5      | Noticed Zeld's ghost (novice GrEE)
  5384 | D:5      | Found a runed translucent gate.
  5385 | D:5      | Found a runed translucent gate.
  5386 | D:5      | Identified the +5 scale mail "Dephug" {rPois}
  5464 | D:5      | Found Herik's Book Shoppe.
  5465 | D:5      | Noticed a water moccasin
  5509 | D:5      | Reached XP level 7. HP: 36/58 MP: 10/12
  6101 | D:5      | Reached skill level 5 in Unarmed Combat
  6407 | D:5      | Reached XP level 8. HP: 51/66 MP: 15/15
  6540 | D:5      | Learned a level 4 spell: Ice Form
  7291 | D:6      | Reached skill level 1 in Transmutations
  7497 | D:6      | Reached skill level 5 in Dodging
  7735 | D:6      | Reached skill level 1 in Armour
  8316 | D:6      | Noticed Duvessa
  8331 | D:6      | Killed Duvessa
  8332 | D:6      | Noticed Dowan
  8609 | D:7      | HP: 2/66 [gnoll/+0 whip (7)]
  9196 | D:6      | Learned a level 4 spell: Summon Ice Beast
  9449 | D:7      | Found a staircase to the Ecumenical Temple.
  9451 | D:7      | Found a runed translucent door.
  9482 | D:7      | Found a runed translucent door.
  9486 | D:7      | Noticed an orange crystal statue
  9491 | D:7      | Found the +10 tower shield of Ignorance {rN+ Int-4}
  9916 | D:6      | Killed Dowan
 10012 | D:7      | Reached XP level 9. HP: 60/71 MP: 12/16
 10045 | D:7      | Reached skill level 1 in Summonings
 10080 | D:7      | Paralysed by a hornet for 1 turns
 10542 | D:8      | Noticed Pikel
 10549 | D:8      | Killed Pikel
 10550 | D:8      | Reached skill level 5 in Ice Magic
 11174 | D:9      | Found a staircase to the Orcish Mines.
 11445 | D:9      | Reached skill level 5 in Fighting
 11933 | D:10     | Entered Level 10 of the Dungeon
 12090 | D:10     | Reached XP level 10. HP: 77/81 MP: 15/19
 12174 | D:10     | Noticed a two-headed ogre
 12333 | D:5      | Bought a Trismegistus Codex for 420 gold pieces
 12336 | D:5      | Learned a level 2 spell: Poisonous Vapours
 12340 | D:5      | Learned a level 3 spell: Ignite Poison
 13024 | D:10     | Killed a two-headed ogre
 13025 | D:10     | Reached skill level 1 in Poison Magic
 13158 | D:10     | Reached skill level 1 in Fire Magic
 13158 | D:10     | Reached skill level 1 in Air Magic
 13414 | D:10     | Found a staircase to the Lair.
 14041 | Lair:1   | Entered Level 1 of the Lair of Beasts
 14059 | Lair:1   | Noticed an eight-headed hydra
 14068 | Lair:1   | Killed an eight-headed hydra
 15406 | Lair:2   | Found a frozen archway.
 15430 | IceCv    | Entered an ice cave
 15430 | IceCv    | Noticed a white ugly thing
 15441 | Lair:2   | HP: 3/83 [white ugly thing (17)]
 15442 | Lair:2   | Killed a white ugly thing
 15443 | Lair:2   | Reached skill level 5 in Evocations
 15759 | Lair:2   | Noticed Urug
 15774 | Lair:1   | Killed Urug
 16086 | Lair:2   | Reached XP level 11. HP: 81/89 MP: 17/21
 16526 | Lair:2   | You fall into a shaft and drop 2 floors!
 16656 | Lair:3   | Reached skill level 5 in Transmutations
 16767 | Lair:3   | Reached skill level 5 in Spellcasting
 16789 | Lair:3   | Reached skill level 1 in Stealth
 16789 | Lair:3   | Reached skill level 1 in Translocations
 16953 | Lair:3   | Found a staircase to the Shoals.
 18406 | Lair:3   | Reached XP level 12. HP: 79/96 MP: 6/25
 18784 | Lair:3   | Acquired the +9 staff of Olgreb {rPois∞}
 18784 | Lair:3   | Found the +9 staff of Olgreb {rPois∞}
 19054 | Lair:4   | Noticed a four-headed hydra
 19067 | Lair:4   | Killed a four-headed hydra
 19880 | Lair:4   | Found a staircase to the Snake Pit.
 20787 | Lair:4   | Noticed a five-headed hydra
 20810 | Lair:4   | Killed a five-headed hydra
 21489 | Lair:5   | Paralysed by a floating eye for 4 turns
 21964 | Lair:5   | Found a staircase to the Slime Pits.
 21982 | Lair:5   | Noticed a seven-headed hydra
 21993 | Lair:5   | Killed a seven-headed hydra
 22677 | Lair:5   | Noticed Snorg
 22682 | Lair:5   | Killed Snorg
 23028 | Lair:6   | Entered Level 6 of the Lair of Beasts
 23557 | Lair:6   | Reached XP level 13. HP: 102/102 MP: 4/26
 24231 | Lair:6   | Reached skill level 10 in Unarmed Combat
 25553 | Lair:6   | Reached skill level 5 in Armour
 26752 | Lair:6   | Identified the amulet of the Establishment {Reflect Contam
                  | Dex+5 SH+5}
 26809 | Lair:6   | Found the +9 staff of Wucad Mu {*channel}
 27464 | Orc:1    | Entered Level 1 of the Orcish Mines
 27849 | Orc:1    | Found a transporter.
 27859 | Orc:1    | Noticed slughead422's ghost (journeyman BaFi)
 27866 | Orc:1    | Found a transporter.
 27998 | Orc:1    | Reached skill level 10 in Ice Magic
 28989 | Orc:2    | Entered Level 2 of the Orcish Mines
 29002 | Orc:2    | Noticed Nessos
 29007 | Orc:2    | Killed Nessos
 29255 | Orc:2    | Found a staircase to the Elven Halls.
 30154 | Orc:2    | Found Hiofing's General Store.
 30160 | Orc:2    | Found Betrit's Distillery.
 30437 | Orc:2    | Bought a potion of might for 48 gold pieces
 30611 | Orc:2    | Killed from afar by a soul eater

Illustrated notes

Levels and vault maps discovered:
D:1:      lightli_arrival_flooded_house, layout_basic,
          shapermc_ecumenical_altar_petra, serial_shops, shop,
          nicolae_shop_statue_plus, nicolae_shop_trees, nicolae_shop_crystal
D:2:      layout_loops_corners, lemuel_flame_loot_1
D:3:      layout_rooms
D:4:      layout_rooms, lemuel_doored_altar, minmay_crossroads
D:5:      cheibrodos_barr_body, layout_loops_cross,
          mainiacjoe_overflow_surrounded_room, serial_shops,
          nicolae_take_the_stairs, biasface_ghost_orc_armoury,
          nicolae_zen_rock_garden
D:6:      layout_loops_corners, nzn_wu_jian_council_hall, uniq_duvessa
D:7:      layout_cave_pools, minitemple, minmay_temple_entry_gardened_gates,
          kennysheep_minor_cross, chequers_guarded_unrand_ignorance
D:8:      layout_loops_ring, kiku_gazebo_garden_becter, uniq_pikel
D:9:      layout_roguey, old_standard_altar, orc_0_dummy
D:10:     layout_cave_pods, david_lair_shrubbed, minmay_misc_feat_cross,
          kennysheep_pointless_box
D:11:     layout_cave_pods, hellmonk_ghost_big_iron, eino_house_with_fridge,
          uniq_sonja, uniq_maurice, uniq_fannar
Lair:1:   layout_chaotic_city
Lair:2:   layout_misc_corridors, portal_ice_cave_entry_pillars_1,
          beast_lair_carwin_11, uniq_urug
Lair:3:   layout_chaotic_city, minmay_shoals_entry_lonely_mermaid,
          serial_bayou_shore_b, grunt_megastairs_3
Lair:4:   layout_long_grid, guppyfry_snake_entry_island, beast_lair_carwin_5
Lair:5:   layout_regular_city, minmay_slime_entry_eyes,
          kennysheep_abandoned_house, lemuel_fruit_fields, serial_bayou_shore_b,
          uniq_snorg
Lair:6:   minmay_lair_end_enchanted_forest, layout_cave_pods,
          serial_bayou_pond_d
Orc:1:    layout_caves, basic_altar, gammafunk_ghost_arena,
          nicolae_orc_stony_grotto
Orc:2:    pf_orc_diabolical, layout_caves, uniq_nessos

Skill      XL: |  1  2  3  4  5  6  7  8  9 10 11 12 13 |
---------------+----------------------------------------+-----
Unarmed Combat | 3 4 5 6 7 8 9 10 | 10.9
Fighting       | 2 3 4 5 6 |  6.0
Dodging        | 3 4 5 |  5.0
Ice Magic      | 1 3 4 5 6 7 9 10 | 10.2
Spellcasting   | 1 2 3 4 6 |  6.0
Evocations     | 1 2 3 4 5 6 7 |  7.5
Transmutations | 2 3 4 6 8 9 |  9.5
Armour         | 2 3 5 |  5.9
Summonings     | 2 3 |  3.0
Poison Magic   | 2 3 |  3.0
Fire Magic     | 2 3 |  3.0
Air Magic      | 2 3 |  3.0
Stealth        | 3 |  3.0
Translocations | 1 |  1.7
Throwing       | |  1.7

Action                   |  1- 3 |  4- 6 |  7- 9 | 10-12 | 13-15 || total
-------------------------+-------+-------+-------+-------+-------++-------
Melee: Unarmed           |    64 |       |   299 |   197 |    23 ||   583
       Punch             |     5 |     9 |    17 |     6 |     3 ||    40
       Dagger            |    69 |   194 |   114 |       |       ||   377
       Staff             |       |       |       |    24 |    19 ||    43
 Cast: Frozen Ramparts   |       |       |    37 |    37 |     6 ||    80
       Ice Form          |       |       |     1 |     8 |     1 ||    10
       Poisonous Vapours |       |       |       |   149 |    87 ||   236
       Ignite Poison     |       |       |       |    71 |    92 ||   163
       Summon Ice Beast  |       |       |       |    10 |     5 ||    15
 Abil: Evoke the Staff o |       |       |       |    10 |    38 ||    48
  Use: Scroll            |       |    12 |     1 |    12 |       ||    25
       Potion            |       |     2 |     3 |       |       ||     5
 Stab: Sleeping          |       |       |       |     1 |       ||     1
Armor: Leather armour    |    23 |       |    83 |       |       ||   106
       Plate armour      |    43 |   116 |    86 |       |       ||   245
       Robe              |       |       |    33 |    70 |       ||   103
       Skin              |       |       |     2 |    31 |       ||    33
       Troll leather arm |       |       |       |     5 |    39 ||    44
Dodge: Dodged            |    61 |    35 |   283 |   212 |    50 ||   641
